 Dungeon Crawl Stone Soup version 0.25-a0-860-gf695395b5c (webtiles) character file.

Game seed: 168142206497693569, levelgen mode: deterministic

2865 Morrissey the Ruffian (level 9, -7/89 HPs)
             Began as a Troll Earth Elementalist on Apr 27, 2020.
             Was a Believer of Okawaru.
             Mangled by a two-headed ogre
             ... wielding a +0 giant spiked club
              (17 damage)
             ... on level 8 of the Dungeon.
             The game lasted 00:15:31 (6514 turns).

Morrissey the Ruffian (Troll Earth Elementalist)    Turns: 6514, Time: 00:15:31

Health: -7/89      AC:  9    Str: 18    XL:     9   Next: 47%
Magic:  7/9        EV: 14    Int: 14    God:    Okawaru [**....]
Gold:   439        SH:  0    Dex: 10    Spells: 4/10 levels left

rFire    . . .     SeeInvis .     - Unarmed
rCold    + + .     Gourm    +   (no shield)
rNeg     . . .     Faith    .   f - +2 robe {rC+}
rPois    .         Spirit   .   (helmet restricted)
rElec    .         Reflect  .   j - +0 cloak
rCorr    .         Harm     .   (gloves unavailable)
MR       .....                  (boots unavailable)
Stlth    +++.......             (no amulet)
HPRegen  0.64/turn              w - ring of protection from cold
MPRegen  0.11/turn              (no ring)

@: heroism
A: large, unfitting armour, claws 3, fast metabolism 3, gourmand, regeneration
1, shaggy fur 1, tough skin 3
a: Heroism, Renounce Religion


You were on level 8 of the Dungeon.
You worshipped Okawaru.
Okawaru was pleased with you.
You were very full.

You visited 2 branches of the dungeon, and saw 9 of its levels.

You collected 439 gold pieces.

Inventory:

Hand Weapons
 D - a +0 broad axe of flaming
Missiles
 b - 354 stones (quivered)
Armour
 f - a +2 robe of cold resistance (worn)
 j - a +0 cloak (worn)
 y - a +2 robe of fire resistance
Jewellery
 s - an uncursed amulet of magic regeneration
 w - a ring of protection from cold (left claw)
Wands
 v - a wand of disintegration (18)
 C - a wand of clouds (5)
Scrolls
 a - 9 scrolls of identify
 c - 2 scrolls of random uselessness {unknown}
 g - 5 scrolls of teleportation {unknown}
 l - 2 scrolls of fear {unknown}
 m - a scroll of blinking {unknown}
 o - 5 scrolls of remove curse {unknown}
 p - 2 scrolls of magic mapping {unknown}
 q - a scroll of immolation {unknown}
 t - 2 scrolls of enchant armour {unknown}
 u - a scroll of fog {unknown}
Potions
 e - a potion of flight {unknown}
 h - a potion of might
 i - 3 potions of ambrosia
 k - 2 potions of lignification {unknown}
 n - 2 potions of heal wounds {unknown}
 r - a potion of haste {unknown}
 x - a potion of degeneration {unknown}
 z - a potion of berserk rage {unknown}
 A - a potion of stabbing {unknown}
 B - a potion of curing {unknown}
Comestibles
 d - 19 rations


   Skills:
 * Level 6.1(11.1) Fighting
 + Level 4.7(9.7) Dodging
 - Level 1.0(6.0) Stealth
 * Level 7.3(12.3) Unarmed Combat
 - Level 1.2 Spellcasting
   Level 0.6 Transmutations
 + Level 5.4 Earth Magic
 + Level 1.7 Invocations


You had 4 spell levels left.
You knew the following spells:

 Your Spells              Type           Power        Failure   Level  Hunger
a - Sandblast             Erth           ###...       2%          1    ##.....
b - Lee's Rapid Deconstr  Erth           ###.......   58%         5    ######.

Your spell library contained the following spells:

 Spells                   Type           Power        Failure   Level  Hunger
 Passwall                 Tmut/Erth      #.......     11%         2    ###....
 Magic Dart               Conj           #...         26%         1    ##.....
 Stone Arrow              Conj/Erth      #.....       26%         3    ####...
 Searing Ray              Conj           #.....       36%         2    ###....
 Petrify                  Tmut/Erth      #.......     58%         4    #####..
 Dazzling Flash           Conj/Hex       #.....       61%         3    ####...
 Fulminant Prism          Conj/Hex       #.........   95%         4    #####..
 Iskenderun's Mystic Bla  Conj/Tloc      #.......     95%         4    #####..


Dungeon Overview and Level Annotations

Branches:
Dungeon (8/15)             Temple (1/1) D:5            Lair (0/6) D:8

Altars:
Ashenzari
Cheibriados
Dithmenos
Elyvilon
Fedhas
Hepliaklqana
Kikubaaqudgha
Makhleb
Nemelex Xobeh
Okawaru
Ru
Trog
Uskayaw
Vehumet
Wu Jian
Xom
Yredelemnul
Zin

Annotations:
D:3 exclusion: downstairs
D:6 exclusion: downstairs


Innate Abilities, Weirdness & Mutations

You are too large for most types of armour.
You have claws for hands.
Your metabolism is lightning-fast.
You like to eat raw meat.
Your natural rate of healing is unusually fast.
You are covered in fur. (AC +1)
You have extremely tough skin. (AC +3)


Message History

The two-headed ogre hits you with a +0 giant spiked club!
The two-headed ogre hits you with a +0 giant club!!
You scratch the two-headed ogre.
The two-headed ogre is moderately wounded.
You gain the combat prowess of a mighty hero.
The two-headed ogre misses you. The two-headed ogre closely misses you.
A hound comes into view.
The hound barks!
You mangle the two-headed ogre!!
The two-headed ogre is almost dead.
The two-headed ogre hits you with a +0 giant spiked club!!
* * * LOW HITPOINT WARNING * * *
The two-headed ogre hits you with a +0 giant club!!
* * * LOW HITPOINT WARNING * * *
You scratch the two-headed ogre.
The two-headed ogre is almost dead.
You closely miss the two-headed ogre.
The two-headed ogre is almost dead.
The two-headed ogre hits you with a +0 giant spiked club!
You die...

#....#......#.#..................
##.........##....##...>........##
###......##..................##
##......................####
##..............h.....
##..##...............
#...###.............#
##..##......O#..(....
#.####..##@##......# ### ##.####
<...### ### #..## ###


You could see a two-headed ogre and a hound.

Vanquished Creatures
  Pikel (D:4)
  Maggie (D:7)
  An orc warrior (D:8)
  A sky beast (D:8)
  4 slaves (D:4)
  2 black bears (D:8)
  2 ice beasts
  3 ogres
  A centaur (D:5)
  4 bullfrogs
  A wyvern skeleton (D:8)
  A water moccasin skeleton (D:7)
  A crimson imp (D:5)
  A centaur zombie (D:6)
  6 hounds
  5 orc wizards
  2 orc priests
  2 iguanas
  5 worker ants
  A hound zombie (D:5)
  A howler monkey zombie (D:7)
  A worker ant zombie (D:4)
  6 gnolls
  10 adders
  An adder skeleton (D:4)
  4 worms
  3 dart slugs
  8 leopard geckos
  19 orcs
  9 bats
  2 giant cockroaches
  17 goblins
  10 hobgoblins
  14 jackals
  9 kobolds
  2 quokkas (D:5)
  A ball python (D:6)
  8 frilled lizards
  6 rats
176 creatures vanquished.

Notes
Turn   | Place    | Note
-------+----------+-------------------------------------------
     0 | D:1      | Morrissey the Troll Earth Elementalist began the quest for
                  | the Orb.
     0 | D:1      | Reached XP level 1. HP: 16/16 MP: 1/1
    92 | D:1      | Reached XP level 2. HP: 23/26 MP: 2/2
    93 | D:1      | Reached skill level 1 in Unarmed Combat
   312 | D:1      | Reached skill level 1 in Fighting
   462 | D:1      | Reached XP level 3. HP: 33/33 MP: 3/3
   843 | D:2      | Reached skill level 2 in Unarmed Combat
   843 | D:2      | Reached XP level 4. HP: 39/41 MP: 4/4
  1601 | D:2      | Found a burning altar of Makhleb.
  1601 | D:2      | Noticed a blizzard demon
  1930 | D:3      | Reached XP level 5. HP: 47/49 MP: 5/5
  2339 | D:3      | Found a hazy altar of Hepliaklqana.
  2339 | D:3      | Found a basalt altar of Yredelemnul.
  2642 | D:3      | Reached skill level 3 in Unarmed Combat
  2881 | D:4      | Reached XP level 6. HP: 59/59 MP: 6/6
  3435 | D:4      | Reached skill level 4 in Unarmed Combat
  3435 | D:4      | Reached XP level 7. HP: 32/67 MP: 7/7
  3668 | D:4      | Noticed Pikel
  3787 | D:4      | Killed Pikel
  3787 | D:4      | Reached skill level 5 in Unarmed Combat
  3787 | D:4      | Reached XP level 8. HP: 36/78 MP: 8/8
  3885 | D:4      | Found a snail-covered altar of Cheibriados.
  3916 | D:5      | Entered Level 5 of the Dungeon
  4174 | D:5      | Found a staircase to the Ecumenical Temple.
  4199 | Temple   | Entered the Ecumenical Temple
  4263 | Temple   | Became a worshipper of Warmaster Okawaru
  4670 | D:6      | Found a shattered altar of Ashenzari.
  4670 | D:6      | Found a hide-covered altar of Uskayaw.
  5087 | D:6      | Reached skill level 5 in Fighting
  5087 | D:6      | Reached skill level 6 in Unarmed Combat
  5095 | D:6      | Learned a level 5 spell: Lee's Rapid Deconstruction
  5728 | D:7      | Reached * piety under Okawaru
  5728 | D:7      | Reached skill level 5 in Earth Magic
  5752 | D:7      | Found a blossoming altar of Fedhas.
  5789 | D:7      | Reached XP level 9. HP: 84/88 MP: 9/9
  5934 | D:7      | Noticed Maggie
  5958 | D:7      | Killed Maggie
  5958 | D:7      | Reached skill level 1 in Invocations
  6077 | D:8      | Reached skill level 7 in Unarmed Combat
  6082 | D:8      | Reached ** piety under Okawaru
  6090 | D:8      | Found a staircase to the Lair.
  6502 | D:8      | Noticed a two-headed ogre
  6514 | D:8      | Mangled by a two-headed ogre

Levels and vault maps discovered:
D:1:      ncdulo_wetmaze, layout_loops_ring
D:2:      minmay_inner_zag, layout_basic, makhleb_altar_promises_db
D:3:      layout_basic, gammafunk_temple_overflow_elements
D:4:      layout_loops_ring, kennysheep_slug_shrine, first_ration, uniq_pikel
D:5:      layout_gridville, minmay_temple_entry_stoned_glass
D:6:      layout_loops_corners, gammafunk_temple_overflow_pools
D:7:      layout_cave_pools, fedhas_altar_3, uniq_maggie
D:8:      layout_cave_pools, grunt_lair_entry_orc_guard_hut
Temple:   eino_temple_scatter_basement

Skill      XL: |  1  2  3  4  5  6  7  8  9 |
---------------+----------------------------+-----
Unarmed Combat | 1 2 3 4 5 6 7 |  7.3
Fighting       | 1 2 3 4 5 6 |  6.1
Earth Magic    | 3 4 5 |  5.4
Dodging        | 2 3 4 |  4.7
Invocations    | 1 |  1.7
Stealth        | |  1.0
Spellcasting   | |  1.2
Transmutations | |  0.6

Action                   |  1- 3 |  4- 6 |  7- 9 || total
-------------------------+-------+-------+-------++-------
Melee: Unarmed           |   100 |   269 |   290 ||   659
       Punch             |       |     3 |     4 ||     7
 Cast: Sandblast         |       |       |     1 ||     1
Invok: Heroism           |       |       |     2 ||     2
  Use: Scroll            |       |     1 |       ||     1
       Potion            |       |       |     2 ||     2
 Stab: Sleeping          |       |     2 |       ||     2
       Confused          |       |       |     1 ||     1
  Eat: Chunk             |    13 |    24 |    28 ||    65
Armor: Robe              |    42 |    98 |   106 ||   246
Dodge: Dodged            |    57 |   135 |   147 ||   339

Table legend:
 A = Non-vault XP
 B = Vault XP
 C = Vault XP percentage of total XP
 D = Non-vault monster count
 E = Vault monster count
 F = Vault count percentage of total count
                 A         B        C        D         E       F
            +---------+---------+-------+---------+---------+-------
      Total |    2575 |    1518 |  37.1 |     159 |      13 |   7.6
            +---------+---------+-------+---------+---------+-------
        D:1 |      48 |       0 |   0.0 |      30 |       0 |   0.0
        D:2 |     122 |      11 |   8.3 |      25 |       6 |  19.4
        D:3 |     143 |       0 |   0.0 |      33 |       0 |   0.0
        D:4 |     503 |     667 |  57.0 |      25 |       2 |   7.4
        D:5 |     423 |       0 |   0.0 |      11 |       0 |   0.0
        D:6 |     273 |       0 |   0.0 |       8 |       0 |   0.0
        D:7 |     769 |     358 |  31.8 |      23 |       1 |   4.2
        D:8 |     294 |     482 |  62.1 |       4 |       4 |  50.0
            +---------+---------+-------+---------+---------+-------
